 Dungeon Crawl Stone Soup version 0.26-a0-958-gf3041fb45f (webtiles) character file.

Game seed: 3873522133917146056

400 PentaManta the Chopper (level 6, -2/42 HPs)
             Began as an Octopode Fighter on Nov 30, 2020.
             Killed from afar by an orc wizard (9 damage)
             ... with a magic dart
             ... on level 5 of the Dungeon.
             The game lasted 00:07:04 (4614 turns).

PentaManta the Chopper (Octopode Fighter)           Turns: 4614, Time: 00:07:05

Health: -2/42      AC:  1    Str: 18    XL:     6   Next: 84%
Magic:  6/6        EV: 14    Int: 10    God:
Gold:   114        SH:  0    Dex: 11    Spells: 5/5 levels left

rFire    . . .     SeeInvis .   u - +3 dagger
rCold    . . .     Faith    .   (no shield)
rNeg     . . .     Spirit   .   (helmet restricted)
rPois    +         Reflect  .   (no amulet)
rElec    .         Harm     .   t - ring of poison resistance
rCorr    .         Rampage  .   (no ring)
MR       .....                  (no ring)
Stlth    ++........             (no ring)
HPRegen  0.14/turn              (no ring)
MPRegen  0.10/turn              (no ring)
                                (no ring)
                                (no ring)

@: no status effects
A: almost no armour, stealthy swim, amphibious, 8 rings, constrict 8, camouflage
1, gelatinous body 1
a: no special abilities


You were on level 5 of the Dungeon.
You visited 1 branch of the dungeon, and saw 5 of its levels.

You collected 114 gold pieces.

Inventory:

Hand Weapons
 a - a +0 war axe
 d - a +0 whip
 u - a +3 dagger (weapon)
Armour
 n - a +0 buckler
Jewellery
 t - a ring of poison resistance (left tentacle)
Scrolls
 e - 9 scrolls of identify {unknown}
 f - 2 scrolls of fog {unknown}
 g - 2 scrolls of amnesia {unknown}
 l - a scroll of enchant weapon {unknown}
 o - 3 scrolls of teleportation {unknown}
 q - 3 scrolls of magic mapping {unknown}
 r - a scroll of remove curse {unknown}
 s - a scroll of noise {unknown}
 v - 2 scrolls of blinking {unknown}
Potions
 c - a potion of might
 h - 2 potions of degeneration {unknown}
 i - a potion of curing {unknown}
 j - 3 potions of attraction {unknown}
 k - a potion of invisibility {unknown}
 m - 2 potions of haste
 p - a potion of flight {unknown}
 w - a potion of resistance {unknown}


   Skills:
 - Level 3.0 Fighting
 * Level 6.5 Axes
 - Level 3.0 Dodging
 + Level 4.0 Shields


You had 5 spell levels left.
You didn't know any spells.
Your spell library was empty.

Dungeon Overview and Level Annotations

Branches:
Dungeon (5/15)             Temple (0/1) D:5

Altars:
Ashenzari

Annotations:
D:4 exclusion: ogre


Innate Abilities, Weirdness & Mutations

You cannot wear most types of armour.
You are very stealthy in the water. (Stealth+)
You are amphibious.
You can wear up to eight rings at the same time.
You can use your tentacles to constrict eight enemies at once.
Your skin changes colour to match your surroundings (Stealth+).
Your rubbery body absorbs attacks. (AC +1, EV +1)


Message History

You constrict the gnoll.
You kill the gnoll!
An orc comes into view. It is wielding a +0 falchion.
The howler monkey hits you but does no damage.
The gnoll hits you with a +0 club.
* * * LOW HITPOINT WARNING * * *
The gnoll barely misses you.
You barely miss the orc wizard. Your grab misses the orc wizard.
The howler monkey hoots and howls with incredible vigour!
The orc wizard barely misses you.
A shadow imp opens the door.
The gnoll hits you with a +0 club.
* * * LOW HITPOINT WARNING * * *
The gnoll completely misses you.
Found a scroll labelled XIUPHO IQEPRO.
You hit the gnoll but do no damage. Your grab misses the gnoll.
You squeeze the gnoll!
You kill the gnoll!
The orc wizard gestures at you while chanting.
The magic dart hits you!
You die...

######.# .. #Z#
..... #.# ###
o....
#.######.###....
#...(.)........)
#####...<....#
#........#
##...h....#
#..?Zg@...#
....##.)o####
#..?......#_'5.
.?..###...####..#
.... ....... .?
### ##......# .
#......# #>.....#


You could see a howler monkey (catching breath), an orc wizard (fast), a gnoll,
a shadow imp, an orc and an adder skeleton.

Vanquished Creatures
  Menkaure (D:5)
  A bullfrog skeleton (D:4)
  An orc priest (D:3)
  A worker ant (D:4)
  5 gnolls
  5 adders
  2 white imps
  2 dart slugs (D:1)
  6 leopard geckos
  6 orcs
  A ball python (D:1)
  10 bats
  4 giant cockroaches
  10 goblins
  8 hobgoblins
  5 jackals
  8 kobolds
  2 quokkas
  7 frilled lizards
  A quokka skeleton (D:5)
  A quokka zombie (D:3)
  7 rats
94 creatures vanquished.

Vanquished Creatures (others)
  2 plants (D:3)
2 creatures vanquished.

Grand Total: 96 creatures vanquished

Notes
Turn   | Place    | Note
-------+----------+-------------------------------------------
     0 | D:1      | PentaManta the Octopode Fighter began the quest for the
                  | Orb.
     0 | D:1      | Reached XP level 1. HP: 16/16 MP: 1/1
    69 | D:1      | Reached XP level 2. HP: 20/21 MP: 2/2
   154 | D:1      | Reached skill level 3 in Axes
   509 | D:1      | Reached XP level 3. HP: 25/26 MP: 3/3
  1608 | D:2      | Reached skill level 4 in Axes
  1854 | D:2      | Reached XP level 4. HP: 24/31 MP: 4/4
  2722 | D:3      | Reached skill level 5 in Axes
  2722 | D:3      | Reached XP level 5. HP: 17/36 MP: 5/5
  3668 | D:4      | Reached XP level 6. HP: 10/42 MP: 6/6
  3873 | D:5      | Entered Level 5 of the Dungeon
  4329 | D:5      | Noticed Menkaure
  4338 | D:5      | Killed Menkaure
  4339 | D:5      | Reached skill level 6 in Axes
  4551 | D:5      | Found a staircase to the Ecumenical Temple.
  4603 | D:5      | Found a broken altar of Ashenzari.
  4614 | D:5      | Killed from afar by an orc wizard

Illustrated notes

Levels and vault maps discovered:
D:1:      dpeg_arrival_shrine, layout_basic
D:2:      minmay_door_path, layout_rooms, nrook_campfire
D:3:      layout_rooms, serial_bayou_pond_d
D:4:      layout_rooms, amethyst_overflow_temple_binary,
          minmay_misc_feat_diagonals, roderic_malta_cross
D:5:      minmay_opposing_rooms, layout_rooms, ashenzari_conservatory_becter,
          minmay_temple_entry_junction, uniq_menkaure

Skill      XL: |  1  2  3  4  5  6 |
---------------+-------------------+-----
Axes           | 3 4 5 6 |  6.5
Shields        | 4 |  4.0
Fighting       | |  3.0
Dodging        | |  3.0

Action                   |  1- 3 |  4- 6 || total
-------------------------+-------+-------++-------
Melee: Whip              |    57 |   101 ||   158
       Constrict         |    22 |    40 ||    62
       War axe           |     3 |       ||     3
       Tentacles         |    13 |    30 ||    43
       Short sword       |    21 |       ||    21
       Dagger            |    10 |    27 ||    37
 Stab: Sleeping          |    11 |     4 ||    15
Armor: Skin              |    10 |     9 ||    19
Dodge: Dodged            |    37 |    76 ||   113
Block: Kite shield       |    38 |    68 ||   106

Table legend: (Time is in decaauts)
 A = Elapsed time spent in this place.
 B = Non-inter-level travel time spent in this place.
 C = Inter-level travel time spent in this place.
 D = Time resting spent in this place.
 E = Time spent auto-exploring this place.
 F = Levels seen in this place.
 G = Mean time per level.
                   A        B        C        D        E       F      G
               +--------+--------+--------+--------+--------+-----+--------+
         Total |   4632 |   4543 |     89 |    772 |   3031 |   5 |  926.4 |
       Dungeon |   4632 |   4543 |     89 |    772 |   3031 |   5 |  926.4 |
               +--------+--------+--------+--------+--------+-----+--------+

Top non-repeatable levels by time:
     D:1: 1743 daAuts
     D:2: 946 daAuts
     D:3: 943 daAuts
     D:5: 648 daAuts
     D:4: 350 daAuts
